 Dungeon Crawl Stone Soup version 0.20-a0-1086-g4bd2f5b (webtiles) character file.

399 Jarlath the Conjurer (level 6, -2/32 HPs)
             Began as a Deep Elf Ice Elementalist on May 1, 2017.
             Was an Initiate of Vehumet.
             Slain by an ice beast (7 damage)
             ... on level 5 of the Dungeon.
             The game lasted 00:04:46 (2934 turns).

Jarlath the Conjurer (Deep Elf Ice Elementalist)    Turns: 2934, Time: 00:04:46

Health: -2/32      AC:  3    Str:  7    XL:     6   Next: 53%
Magic:  4/13       EV: 13    Int: 22    God:    Vehumet [......]
Gold:   189        SH:  0    Dex: 15    Spells: 1/13 levels left

rFire    . . .     SeeInvis +   g - -3 war axe
rCold    . . .     Gourm    .   (no shield)
rNeg     . . .     Faith    .   a - +0 robe
rPois    .         Spirit   .   w - +0 helmet
rElec    .         Reflect  .   (no cloak)
rCorr    .         Harm     .   (no gloves)
MR       .....                  (no boots)
Stlth    ++........             r - amulet of rage
Regen    0.1/turn               e - ring of see invisible
MPRegen  0.2/turn               (no ring)

@: very slightly contaminated, slowed, very slow
A: low mp 1, strong 1, MP-powered wands
a: Renounce Religion, Evoke Berserk Rage


You were on level 5 of the Dungeon.
You worshipped Vehumet.
Vehumet was noncommittal.
You were not hungry.

You visited 2 branches of the dungeon, and saw 7 of its levels.

You collected 189 gold pieces.

Inventory:

Hand Weapons
 g - a -3 war axe (weapon)
Armour
 a - a +0 robe (worn)
 w - a +0 helmet (worn)
Jewellery
 e - a ring of see invisible (left hand)
 r - an amulet of rage (around neck)
Wands
 t - a wand of enslavement (24/24)
Scrolls
 f - a scroll of identify
 i - 2 scrolls of immolation
 j - a scroll of magic mapping
Potions
 n - a potion of ambrosia {unknown}
 p - a potion of cancellation {unknown}
 s - 2 potions of mutation
 u - 4 potions of curing
Books
 b - a book of Frost

   Spells                             Type                      Level
   a - Freeze                         Ice                          1
   b - Throw Frost                    Conjuration/Ice              2
   c - Ozocubu's Armour               Charms/Ice                   3
   d - Throw Icicle                   Conjuration/Ice              4
   e - Summon Ice Beast               Ice/Summoning                4
Comestibles
 c - 3 bread rations
 d - 2 meat rations
 q - a royal jelly


   Skills:
 - Level 2.4 Dodging
 - Level 2.4 Stealth
 - Level 4.4 Spellcasting
 + Level 6.0 Conjurations
 * Level 4.7 Ice Magic


You had one spell level left.
You knew the following spells:

 Your Spells              Type           Power        Failure   Level  Hunger
a - Freeze                Ice            ####         1%          1    None
b - Ozocubu's Armour      Chrm/Ice       ###.....     12%         3    ##.....
c - Throw Icicle          Conj/Ice       ####....     12%         4    ####...
d - Summon Ice Beast      Ice/Summ       ###.....     38%         4    ####...


Dungeon Overview and Level Annotations

Branches:
Dungeon (6/15)             Temple (1/1) D:4

Altars:
Ashenzari
Elyvilon
Kikubaaqudgha
Makhleb
Nemelex Xobeh
Trog
Vehumet
Xom

Annotations:
D:5 31503's ghost, novice MiBe
D:6 Prince Ribbit


Innate Abilities, Weirdness & Mutations

Your magical capacity is low. (-10% MP)
Your muscles are strong. (Str +2)
You expend magic power (3 MP) to strengthen your wands.


Message History

You closely miss the ice beast.
The ice beast is severely wounded.
The ice beast misses you.
You closely miss the ice beast.
The ice beast is severely wounded.
The ice beast closely misses you.
You closely miss the ice beast.
The ice beast is severely wounded.
You are no longer berserk.
You pass out from exhaustion.
You feel yourself slow down.
The ice beast hits you but does no damage.
You can move again.
Unknown command.
An adder comes into view.
The adder hisses angrily.
The ice beast hits you.
* * * LOW HITPOINT WARNING * * *
The ice beast freezes you!
You die...

#.#.........#.###.
.................
#..####.....#..# #..#
#....#..# #
....####.......######.#
...(........#.........#
.....#................#
...............Y<.....#
..#.....>#...@.....#
....)....##..........
.........##.....(....
.....................
.....................
#.........#....S$....
#.........#..........
#......####..........


You could see an ice beast and an adder.

Vanquished Creatures
  An ogre (D:4)
  A bullfrog (D:6)
  A crimson imp (D:5)
  A hound (D:4)
  An iguana (D:4)
  Ijyb (D:3)
  A worker ant (D:4)
  4 adders
  An ooze (D:3)
  2 worms
  3 leopard geckos
  5 orcs
  3 bats
  A giant cockroach (D:1)
  5 goblins
  2 hobgoblins
  8 jackals (D:2)
  7 kobolds
  2 quokkas (D:2)
  2 ball pythons
  A frilled lizard (D:4)
  A leopard gecko skeleton (D:4)
  8 rats
62 creatures vanquished.

Notes
Turn   | Place    | Note
-------+----------+-------------------------------------------
     0 | D:1      | Jarlath the Deep Elf Ice Elementalist began the quest for the Orb.
     0 | D:1      | Reached XP level 1. HP: 10/10 MP: 6/6
   181 | D:1      | Reached XP level 2. HP: 15/15 MP: 5/8
   836 | D:2      | Reached XP level 3. HP: 11/19 MP: 3/10
   959 | D:2      | Learned a level 3 spell: Ozocubu's Armour
  1090 | D:2      | Found a shattered altar of Ashenzari.
  1407 | D:3      | Reached XP level 4. HP: 13/24 MP: 0/12
  1422 | D:3      | Learned a level 4 spell: Throw Icicle
  1510 | D:3      | Noticed Ijyb
  1531 | D:3      | Killed Ijyb
  1531 | D:3      | Reached skill level 2 in Conjurations
  1596 | D:3      | You fall through a shaft!
  1613 | D:4      | Reached skill level 3 in Conjurations
  1613 | D:4      | Reached XP level 5. HP: 17/28 MP: 8/13
  1648 | D:4      | Learned a level 4 spell: Summon Ice Beast
  1777 | D:4      | Found a staircase to the Ecumenical Temple.
  1802 | D:4      | Noticed an ogre
  1813 | Temple   | Entered the Ecumenical Temple
  1836 | Temple   | Became a worshipper of Vehumet
  1955 | D:4      | Killed an ogre
  1955 | D:4      | Reached skill level 5 in Conjurations
  1955 | D:4      | Reached XP level 6. HP: 32/32 MP: 2/14
  2469 | D:5      | Entered Level 5 of the Dungeon
  2499 | D:5      | Noticed an ice beast
  2499 | D:5      | Noticed 31503's ghost (novice MiBe)
  2515 | D:6      | Noticed Prince Ribbit
  2521 | D:6      | Gained mutation: You expend magic power (3 MP) to strengthen your wands. [potion of mutation]
  2521 | D:6      | Gained mutation: Your magical capacity is low. (-10% MP) [potion of mutation]
  2521 | D:6      | Gained mutation: Your muscles are strong. (Str +2) [potion of mutation]
  2813 | D:5      | Reached skill level 6 in Conjurations
  2934 | D:5      | Slain by an ice beast

Vault maps used:
D:1:      roderic_crop_circles_arrival_small
D:2:      first_bread, nicolae_ashenzari_panopticon
D:3:      portal_sewer_entry_d, minmay_unequal, uniq_ijyb
D:4:      temple_pool_b, kennysheep_decorative_pillar
D:6:      lemuel_coloured_pillars_altar, trog_three_pillars_becter,
          uniq_menkaure, uniq_prince_ribbit1, uniq_duvessa
Temple:   eino_temple_scatter_basement

Skill      XL: |  1  2  3  4  5  6 |
---------------+-------------------+-----
Ice Magic      | 4 |  4.7
Spellcasting   | 4 |  4.4
Conjurations   | 3 5 6 |  6.0
Dodging        | |  2.4
Stealth        | |  2.4

Action                   |  1- 3 |  4- 6 || total
-------------------------+-------+-------++-------
Melee: Unarmed           |    19 |    11 ||    30
       War axe           |       |    18 ||    18
 Cast: Freeze            |    63 |    48 ||   111
       Ozocubu's Armour  |     3 |     3 ||     6
       Throw Icicle      |       |    11 ||    11
 Abil: Evoke Berserk Rag |       |     1 ||     1
  Use: Scroll            |     2 |     9 ||    11
       Potion            |       |     8 ||     8
 Stab: Sleeping          |       |     1 ||     1
  Eat: Chunk             |     1 |     4 ||     5
       Bread ration      |       |     1 ||     1
Armor: Robe              |    10 |    23 ||    33
Dodge: Dodged            |    54 |    50 ||   104
